 Dungeon Crawl Stone Soup version 0.18-a0-1507-g69458e0 (webtiles) character file.

74 GrosslyIncandescent the Insei (level 4, -16/35 HPs)
             Began as a Mummy Monk on Mar 5, 2016.
             Demolished by a yaktaur captain (18 damage)
             ... on level 1 of the Dungeon.
             The game lasted 00:02:39 (6166 turns).

GrosslyIncandescent the Insei (Mummy Monk)          Turns: 6166, Time: 00:02:39

Health: -16/35     AC:  0    Str: 14    XL:     4   Next: 10%
Magic:  4/4        EV: 13    Int:  9    God:
Gold:   40         SH:  0    Dex: 15    Spells: 0 memorised, 3 levels left

rFire  x . .     SeeInvis .       - Unarmed
rCold  + . .     Gourm    .     (no armour)
rNeg   + + +     Faith    .     (no shield)
rPois  ∞         Spirit   .     (no helmet)
rElec  .         Dismiss  .     (no cloak)
rCorr  .         Reflect  .     (no gloves)
SustAt .         Harm     .     (no boots)
MR     .....                    (no amulet)
Stlth  ++........               (no ring)
                                (no ring)

@: not resistant to hostile enchantments, unstealthy
A: no food or potions, fire vulnerability, cold resistance 1, negative energy
resistance 3, torment resistance, unbreathing
a: no special abilities


You were on level 1 of the Dungeon.
You were not hungry.

You visited 1 branch of the dungeon, and saw 2 of its levels.

You collected 40 gold pieces.


Innate Abilities, Weirdness & Mutations

You do not eat or drink.
Your flesh is vulnerable to fire.
You are immune to poison.
Your flesh is cold resistant.
You are immune to negative energy.
You are immune to unholy pain and torment.
You can survive without breathing.


   Skills:
 - Level 3.0 Fighting
 - Level 2.4 Dodging
 - Level 1.5 Stealth
 + Level 4.7 Unarmed Combat


You had 3 spell levels left.
You didn't know any spells.

Inventory:

Scrolls
 a - a scroll of random uselessness {unknown}
 b - 2 scrolls of identify {unknown}
 c - a scroll of fog {unknown}

Dungeon Overview and Level Annotations

Branches:
Dungeon (2/15)

Altars:

▒▒...........▒▒.▒▒.▒▒.▒,,,,,,░ ░,
▒▒▒▒▒▒▒.▒▒▒.▒.▒▒▒▒.▒▒.▒,,,,,,░ ░,
▒▒▒▒▒▒▒.)...▒.▒▒▒▒.▒▒.▒,,,,,,░ ░,
.....>...▒▒.....▒.....▒,,,,,,░ ░,
.▒▒▒▒▒▒..▒▒.▒.▒▒▒▒▒.▒▒▒░░░░░░░ ░,
.▒▒▒▒▒▒..▒▒.▒...)....▒ ░,
)....)...)...▒▒▒▒▒▒▒.▒▒▒▒▒▒▒ ░,
.▒▒▒▒▒...▒▒▒▒▒..c..........▒▒▒▒▒,
..▒....▒▒▒.....(M▒▒▒▒▒▒▒.......▒▒
.▒▒.▒▒▒▒......▒▒▒.......▒▒▒......
......▒....▒▒▒)............▒▒▒...
▒▒▒..▒▒...▒......▒▒▒▒▒▒▒.<....▒..
..▒..▒...▒.....▒▒▒ ▒▒▒.....▒.
▒.▒..▒...▒....▒▒ ▒▒....▒.
▒.▒..▒...▒....▒▒ ▒▒....▒.
▒.▒..▒...▒.....▒▒▒ ▒▒▒.....▒.
▒.▒..▒▒...▒......▒▒▒▒▒▒▒......▒..


You could see a yaktaur captain.


Message History

A yaktaur captain comes into view!
The yaktaur captain shouts!!!
The yaktaur captain wields a runed arbalest!
It is covered in frost!
The yaktaur captain shoots a bolt!
The bolt hits you!!!!!!
DANG * * * don't die
* * * The bolt freezes you! * * * don't die
* * * You see here a bolt!
There is a staircase leading out of the dungeon here!
You see here a +0 robe!
You start resting!
HP restored!
The yaktaur captain shouts!!!
The yaktaur captain shoots a bolt!
The bolt hits you!!!!!!
DANG * * * don't die
* * * The bolt freezes you! * * * don't die
* * * You see here a bolt!
You start resting!
The yaktaur captain unwields an uncursed arbalest of freezing!
The yaktaur captain closely misses you!
You see here a bolt!
You squash the yaktaur captain like an ant!
The yaktaur captain is lightly wounded!
The yaktaur captain hits you!!!!!!
DANG rip

Action                   |  1- 3 |  4- 6 || total
-------------------------+-------+-------++-------
Melee: Unarmed           |   105 |    17 ||   122
 Stab: Sleeping          |     1 |       ||     1
       Distracted        |     1 |       ||     1

Vault maps used:
D:1:      dpeg_arrival_oval, nrook_loot_triangle
D:2:      wad_woods_tower

Notes
Turn   | Place    | Note
--------------------------------------------------------------
     0 | D:1      | GrosslyIncandescent the Mummy Monk began the quest for the Orb.
     0 | D:1      | Reached XP level 1. HP: 18/18 MP: 1/1
   607 | D:1      | Reached XP level 2. HP: 24/24 MP: 2/2
   985 | D:1      | Reached skill level 4 in Unarmed Combat
  1486 | D:2      | Reached XP level 3. HP: 3/29 MP: 3/3
  4325 | D:1      | Reached XP level 4. HP: 22/35 MP: 4/4
  5884 | D:1      | Noticed a yaktaur captain
  6158 | D:1      | HP: 1/35 [yaktaur captain/bolt (4)]
  6166 | D:1      | Demolished by a yaktaur captain

Vanquished Creatures
  A worker ant (D:1)
  An adder (D:2)
  An ooze (D:1)
  A dart slug (D:1)
  A giant gecko (D:1)
  5 bats (D:1)
  A giant cockroach (D:1)
  3 goblins (D:1)
  8 hobgoblins
  4 jackals (D:1)
  A quokka (D:2)
  A giant newt (D:1)
  2 kobolds (D:1)
  2 rats (D:1)
32 creatures vanquished.
